 Dungeon Crawl Stone Soup version 0.24-a0-3-g5a199981cb (webtiles) character file.

Game seed: 9117601971176031728

21575 Maize the Severer (level 12, -7/113 HPs)
             Began as a Minotaur Berserker on Jan 30, 2019.
             Was the Champion of Trog.
             Mangled by Sonja
             ... wielding a +1 short sword of distortion
              (14 damage)
             ... on level 1 of the Lair of Beasts.
             The game lasted 00:22:19 (11368 turns).

Maize the Severer (Minotaur Berserker)             Turns: 11368, Time: 00:22:21

Health: -7/113     AC: 20    Str: 34    XL:     12   Next: 55%
Magic:  3/3        EV: 15    Int:  4    God:    Trog [******]
Gold:   908        SH:  4    Dex: 11    Spells: 11/11 levels left

rFire    + . .     SeeInvis .   N - +6 battleaxe (antimagic)
rCold    . . .     Gourm    .   (shield currently unavailable)
rNeg     + . .     Faith    .   v - +0 plate armour
rPois    .         Spirit   .   h - +0 hat
rElec    +         Reflect  +   m - +0 cloak
rCorr    .         Harm     .   t - +0 pair of gloves
MR       .....                  s - +0 pair of boots
Stlth    ..........             w - amulet of the Harvest {Reflect rElec rN+ SH+4 Stlth+}
HPRegen  0.28/turn              y - ring of the Tempest {rF+ Str+8}
MPRegen  0.08/turn              J - +6 ring of evasion

@: lethally poisoned (-7 -> -7), berserk cooldown, slowed, very slow
A: retaliatory headbutt, horns 2
a: Berserk, Trog's Hand, Brothers in Arms, Renounce Religion


You were on level 1 of the Lair of Beasts.
You worshipped Trog.
Trog was exalted by your worship.
You were near starving.

You visited 2 branches of the dungeon, and saw 12 of its levels.
You also visited: Ice Cave.

You collected 908 gold pieces.

Inventory:

Hand Weapons
 G - the +6 war axe of the Eternal Warrior {chop, Int+3 Dex+6}
   (You found it on level 8 of the Dungeon)

   It inflicts extra damage upon your enemies.
   It affects your intelligence (+3).
   It affects your dexterity (+6).
 N - a +6 antimagic battleaxe (weapon)
Armour
 g - a +3 ring mail
 h - a +0 hat (worn)
 m - a +0 cloak (worn)
 s - a +0 pair of boots (worn)
 t - a +0 pair of gloves (worn)
 v - a +0 plate armour (worn)
Jewellery
 a - an uncursed ring of resist corrosion
 w - the amulet of the Harvest (around neck) {Reflect rElec rN+ SH+4 Stlth+}
   (You found it on level 6 of the Dungeon)

   [amulet of reflection]

   It shields you and reflects attacks.
   It insulates you from electricity.
   It protects you from negative energy.
   It affects your SH (+4).
   It makes you more stealthy.
 y - the ring of the Tempest (left hand) {rF+ Str+8}
   (You found it on level 6 of the Dungeon)

   [ring of protection from fire]

   It affects your strength (+8).
   It protects you from fire.
 J - a +6 ring of evasion (right hand)
Wands
 f - a wand of scattershot (4)
 x - a wand of acid (13)
 E - a wand of disintegration (25)
 O - a wand of iceblast (39)
Scrolls
 b - a scroll of fog {unknown}
 d - 2 scrolls of blinking
 e - 7 scrolls of remove curse
 i - 4 scrolls of enchant armour
 l - 2 scrolls of teleportation
 p - 2 scrolls of random uselessness
 r - a scroll of fear {unknown}
 u - 5 scrolls of magic mapping
 H - a scroll of enchant weapon {unknown}
 K - a scroll of holy word {unknown}
 L - a scroll of vulnerability
Potions
 j - a potion of haste
 k - 3 potions of brilliance
 n - a potion of flight {unknown}
 q - a potion of degeneration {unknown}
 z - 3 potions of heal wounds
 A - 2 potions of ambrosia
 C - 2 potions of agility
 D - 7 potions of curing
 F - a potion of mutation {unknown}
Miscellaneous
 M - a lamp of fire (inert)
Comestibles
 c - 24 rations


   Skills:
 + Level 12.8 Fighting
 * Level 17.0 Axes
 + Level 12.5 Armour
 - Level 2.1 Dodging


You had 11 spell levels left.
You didn't know any spells.
Your spell library was empty.

Dungeon Overview and Level Annotations

Branches:
Dungeon (11/15)            Temple (0/1) D:7            Lair (1/6) D:10
    Orc: D:9-12

Altars:
Dithmenos
Elyvilon
Gozag
Hepliaklqana
Makhleb
Nemelex Xobeh
Uskayaw
Wu Jian
The Shining One

Annotations:
D:4 1 runed translucent door
Lair:1 Sonja


Innate Abilities, Weirdness & Mutations

You reflexively headbutt those who attack you in melee.
You have a pair of horns on your head.


Message History

You completely miss Sonja.
Sonja casts a spell.
Sonja blinks!
You feel sick.
You feel a strong urge to attack something.
You are no longer berserk.
You are exhausted.
You feel yourself slow down.
You feel sick.
Sonja completely misses you. x2; Sonja hits you but does no damage.
Space warps horribly around you!!
* * * LOW HITPOINT WARNING * * *
Found 17 gold pieces.
You feel sick. Sonja completely misses you. Sonja hits you but does no damage.
Space warps horribly around you!
* * * LOW HITPOINT WARNING * * *
Sonja hits you but does no damage. Space bends around you.
* * * LOW HITPOINT WARNING * * *
Sonja barely misses you. You furiously retaliate!
You headbutt Sonja! Sonja hits you but does no damage.
Space warps horribly around you!
You die...

........###(.# .......##
#.(# ..(....#
#.(###########
.......####..##.......$#
.....>.P##....#........#
.......###.............#
.......................P
...............K.......#
................@......#
...........####.........
.......##### #..........
........ ##........#
.####### #######.## #


You could see Sonja.

Vanquished Creatures
  The ghost of brucemayne the Severer, a journeyman HOMo of the Shining One (D:10)
  A two-headed ogre (D:8)
  A necromancer (IceCv)
  A wolf spider (D:9)
  A manticore (D:11)
  An ice statue (IceCv)
  The ghost of guttsta the Covert, a novice SpEn (D:6)
  5 spiny frogs (Lair:1)
  10 freezing wraiths (IceCv)
  A queen bee (D:6)
  A troll (D:10)
  3 hippogriffs
  6 slime creatures
  5 blink frogs (Lair:1)
  3 wraiths (D:10)
  11 yaks
  Eustachio (D:6)
  A hungry ghost (D:9)
  A death yak simulacrum (IceCv)
  Menkaure (D:4)
  3 water moccasins
  2 porcupines (Lair:1)
  2 sky beasts
  An alligator simulacrum (IceCv)
  10 ice beasts
  4 orc warriors
  2 phantoms
  7 ogres
  2 necrophages (D:9)
  14 centaurs
  A crocodile (Lair:1)
  Blork the orc (D:4)
  2 big kobolds
  11 bullfrogs
  A wyvern skeleton (D:8)
  6 scorpions
  A swamp dragon simulacrum (IceCv)
  6 killer bees (D:6)
  9 wights
  3 howler monkeys
  3 crimson imps
  A quasit (D:9)
  4 bullfrog zombies
  12 jellies
  5 orc priests
  3 centaur skeletons
  6 hounds
  13 orc wizards
  Jessica (D:3)
  An iguana (D:11)
  6 worker ants
  Natasha (thrice) (D:2)
  5 troll simulacra (IceCv)
  2 spriggan simulacra (IceCv)
  A wolf simulacrum (IceCv)
  3 killer bee zombies
  3 centaur simulacra (IceCv)
  A hound skeleton (D:6)
  3 ogre simulacra (IceCv)
  11 adders
  16 gnolls
  7 naga simulacra (IceCv)
  4 shadow imps
  24 white imps
  18 oozes
  An adder zombie (D:9)
  4 worms
  3 dart slugs (D:1)
  2 leopard geckos
  47 orcs
  A ball python (D:3)
  7 giant cockroaches
  9 goblins
  9 hobgoblins
  18 jackals
  8 quokkas
  7 bats
  14 frilled lizards
  A jackal skeleton (D:7)
  14 kobolds
  A leopard gecko skeleton (D:5)
  7 rats
  2 fungi (Lair:1)
  3 plants (Lair:1)
458 creatures vanquished.

Vanquished Creatures (others)
  A centaur (D:11)
  An adder (D:3)
  2 fungi (Lair:1)
4 creatures vanquished.

Grand Total: 462 creatures vanquished

Notes
Turn   | Place    | Note
-------+----------+-------------------------------------------
     0 | D:1      | Maize the Minotaur Berserker began the quest for the Orb.
     0 | D:1      | Reached XP level 1. HP: 19/19 MP: 0/0
   227 | D:1      | Reached skill level 4 in Axes
   227 | D:1      | Reached XP level 2. HP: 26/27 MP: 1/1
   423 | D:1      | Reached XP level 3. HP: 33/33 MP: 2/2
   449 | D:1      | Reached ** piety under Trog
   850 | D:2      | Noticed Natasha
   856 | D:2      | Killed Natasha
  1051 | D:2      | Noticed Natasha
  1057 | D:2      | Killed Natasha
  1057 | D:2      | Reached skill level 5 in Axes
  1057 | D:2      | Reached XP level 4. HP: 41/41 MP: 3/3
  1365 | D:2      | Noticed Natasha
  1369 | D:2      | Killed Natasha
  1369 | D:2      | Reached XP level 5. HP: 47/47 MP: 4/4
  1687 | D:3      | Reached *** piety under Trog
  1762 | D:3      | Reached skill level 6 in Axes
  1930 | D:3      | Reached skill level 5 in Fighting
  2111 | D:3      | Noticed Jessica
  2128 | D:3      | Killed Jessica
  2156 | D:3      | Found a white marble altar of Elyvilon.
  2237 | D:3      | Reached XP level 6. HP: 56/56 MP: 5/5
  2362 | D:4      | Found a white marble altar of Elyvilon.
  2363 | D:4      | Noticed an angel
  2371 | D:4      | Found a runed translucent door.
  2408 | D:4      | Noticed Blork the orc
  2415 | D:4      | Killed Blork the orc
  2434 | D:4      | Reached **** piety under Trog
  2594 | D:4      | Reached skill level 7 in Axes
  2665 | D:4      | Noticed Menkaure
  2710 | D:4      | Reached skill level 5 in Armour
  2710 | D:4      | Reached XP level 7. HP: 56/62 MP: 6/6
  2947 | D:4      | Killed Menkaure
  3453 | D:4      | You fall through a shaft for 2 floors!
  3472 | D:6      | Reached skill level 8 in Axes
  3502 | D:6      | Got a vibrating diamond amulet
  3508 | D:6      | Identified the amulet of the Harvest {Reflect rElec rN+
                  | SH+4 Stlth+} (You found it on level 6 of the Dungeon)
  3517 | D:5      | Entered Level 5 of the Dungeon
  4256 | D:5      | Reached XP level 8. HP: 67/71 MP: 7/7
  4277 | D:5      | Reached skill level 9 in Axes
  4355 | D:5      | Found a sparkling altar of Nemelex Xobeh.
  4355 | D:5      | Found an opulent altar of Gozag.
  4632 | D:6      | Found a glowing golden altar of the Shining One.
  4901 | D:6      | Got a slimy platinum ring
  4981 | D:6      | Noticed Eustachio
  5001 | D:6      | Killed Eustachio
  5001 | D:6      | Reached skill level 10 in Axes
  5181 | D:6      | Found a transporter.
  5188 | D:6      | Noticed a queen bee
  5346 | D:6      | Noticed guttsta's ghost (novice SpEn)
  5351 | D:6      | Found a transporter.
  5548 | D:7      | Reached ***** piety under Trog
  5551 | D:7      | Reached XP level 9. HP: 75/81 MP: 8/8
  5577 | D:7      | Reached skill level 11 in Axes
  5729 | D:7      | Found an ornate altar of the Wu Jian Council.
  5793 | D:7      | Received a gift from Trog
  5917 | D:7      | Found a staircase to the Ecumenical Temple.
  6181 | D:7      | Identified the ring of the Tempest {rF+ Str+8} (You found
                  | it on level 6 of the Dungeon)
  6421 | D:6      | Killed a queen bee
  6431 | D:6      | Reached skill level 12 in Axes
  6461 | D:6      | Killed guttsta's ghost
  6560 | D:8      | Got a transparent war axe
  6561 | D:8      | Identified the +6 war axe of the Eternal Warrior {chop,
                  | Int+3 Dex+6} (You found it on level 8 of the Dungeon)
  6615 | D:8      | Reached XP level 10. HP: 91/91 MP: 9/9
  6631 | D:8      | Noticed a two-headed ogre
  6640 | D:8      | Killed a two-headed ogre
  6732 | D:8      | Found a hazy altar of Hepliaklqana.
  6732 | D:8      | Found a burning altar of Makhleb.
  6732 | D:8      | Found a shadowy altar of Dithmenos.
  6768 | D:8      | Reached skill level 13 in Axes
  6843 | D:8      | Reached skill level 10 in Fighting
  7201 | D:9      | Found a hide-covered altar of Uskayaw.
  7389 | D:9      | Reached skill level 10 in Armour
  7536 | D:9      | Noticed a wolf spider
  7540 | D:9      | Killed a wolf spider
  7787 | D:9      | Received a gift from Trog
  7789 | D:9      | Reached skill level 14 in Axes
  8003 | D:10     | Entered Level 10 of the Dungeon
  8249 | D:10     | Reached XP level 11. HP: 101/101 MP: 10/10
  8358 | D:10     | Found a staircase to the Lair.
  8580 | D:10     | Found a runed translucent gate.
  8580 | D:10     | Found a runed translucent gate.
  8581 | D:10     | Found a runed translucent gate.
  8621 | D:10     | Noticed brucemayne's ghost (journeyman HOMo)
  8635 | D:10     | Killed brucemayne's ghost
  8635 | D:10     | Reached skill level 15 in Axes
  8832 | D:10     | You fall through a shaft!
  9014 | D:11     | Found a frozen archway.
  9024 | D:11     | Reached ****** piety under Trog
  9036 | IceCv    | Entered an ice cave
  9392 | IceCv    | Reached skill level 16 in Axes
  9392 | IceCv    | Reached XP level 12. HP: 112/112 MP: 11/11
  9452 | IceCv    | Found an ancient bone altar of Kikubaaqudgha.
 10128 | D:11     | Received a gift from Trog
 10425 | Lair:1   | Entered Level 1 of the Lair of Beasts
 11059 | Lair:1   | Noticed Sonja
 11347 | Lair:1   | Reached skill level 17 in Axes
 11368 | Lair:1   | Mangled by Sonja

Vault maps used:
D:1:      giann_bridges, minmay_door_square, chequers_serial_rivers_micro_b,
          grunt_decor_cap, minmay_statues_item
D:2:      first_ration, moated_statue, minmay_lizard_king, uniq_natasha
D:3:      elyvilon_altar_4, serial_bayou, serial_bayou_pond_b,
          serial_bayou_lagoon_b, serial_bayou_pond_a, serial_bayou_pond_e,
          uniq_jessica
D:4:      lemuel_angel_altar, uniq_blork_the_orc, uniq_menkaure
D:5:      grunt_temple_overflow_opulence, chequers_arboretum
D:6:      lemuel_doored_altar, gammafunk_ghost_hive, uniq_eustachio
D:7:      old_standard_altar, minmay_temple_entry_junction, serial_glass,
          glass_columns_a, glass_columns_b
D:8:      gammafunk_temple_overflow_forgotten, grunt_ogre_cave,
          minmay_quadrilaterals
D:9:      serial_rivers, chequers_serial_rivers_micro_c,
          chequers_serial_rivers_small_3, chequers_serial_rivers_micro_c,
          chequers_serial_rivers_room_b, basic_altar, kennysheep_just_a_vault
D:10:     lair_entry_dummy, gammafunk_ghost_spectres, kennysheep_generic_room_5
D:11:     portal_ice_cave_entry_imps, hangedman_decor_push
Lair:1:   lemuel_slime, uniq_sonja
IceCv:    ice_cave_small_necro

Skill      XL: |  1  2  3  4  5  6  7  8  9 10 11 12 |
---------------+-------------------------------------+-----
Axes           | 4 5 6 7 8 10 12 14 16 17 | 17.0
Fighting       | 4 5 6 8 9 10 12 | 12.8
Armour         | 3 4 5 6 7 9 10 11 12 | 12.5
Dodging        | |  2.1

Action                   |  1- 3 |  4- 6 |  7- 9 | 10-12 || total
-------------------------+-------+-------+-------+-------++-------
Melee: Hand axe          |    54 |   168 |    54 |       ||   276
       Headbutt          |     9 |    24 |    35 |    89 ||   157
       Battleaxe         |       |       |   172 |   210 ||   382
       War axe           |       |       |     4 |   152 ||   156
Invok: Berserk           |       |       |     2 |     7 ||     9
Evoke: Lamp of fire      |       |       |       |     1 ||     1
  Use: Potion            |       |       |     1 |     1 ||     2
       Scroll            |       |       |       |    15 ||    15
 Stab: Sleeping          |       |       |     5 |     1 ||     6
  Eat: Chunk             |       |     6 |    12 |    16 ||    34
       Ration            |       |       |     1 |     1 ||     2
Armor: Animal skin       |     2 |       |       |       ||     2
       Ring mail         |    19 |    76 |   115 |    58 ||   268
       Plate armour      |       |       |       |    72 ||    72
Dodge: Dodged            |    26 |    92 |   144 |   218 ||   480
Block: Other             |       |       |    40 |    54 ||    94
       Reflection        |       |       |     2 |     9 ||    11

Table legend:
 A = Non-vault XP
 B = Vault XP
 C = Vault XP percentage of total XP
 D = Non-vault monster count
 E = Vault monster count
 F = Vault count percentage of total count
                 A         B        C        D         E       F
            +---------+---------+-------+---------+---------+-------
      Total |   19295 |   11527 |  37.4 |     327 |     127 |  28.0
            +---------+---------+-------+---------+---------+-------
        D:1 |      48 |       0 |   0.0 |      24 |       0 |   0.0
        D:2 |     128 |      46 |  26.4 |      19 |      10 |  34.5
        D:3 |     123 |      42 |  25.5 |      27 |       4 |  12.9
        D:4 |     311 |     253 |  44.9 |      22 |       2 |   8.3
        D:5 |     501 |       0 |   0.0 |      20 |       0 |   0.0
        D:6 |     926 |    1309 |  58.6 |      22 |       9 |  29.0
        D:7 |    1674 |       0 |   0.0 |      58 |       0 |   0.0
        D:8 |    2086 |     407 |  16.3 |      26 |       5 |  16.1
        D:9 |    2502 |     550 |  18.0 |      29 |       1 |   3.3
       D:10 |    3590 |    1851 |  34.0 |      28 |       6 |  17.6
       D:11 |    3338 |     121 |   3.5 |      37 |      12 |  24.5
     Lair:1 |    4068 |     675 |  14.2 |      15 |      24 |  61.5
      IceCv |       0 |    6273 | 100.0 |       0 |      54 | 100.0
            +---------+---------+-------+---------+---------+-------
